[ AOE2 MATCH · #506028997 ]
UnrankedJapanese vs Burgundians
Player's team · WIN
[ REPLAY ANALYSIS · EXTRACTED FROM THE RECORDED GAME ]
Feudal
11:03
Castle
23:33
Imperial
35:36
| APM avg | 51.1 |
| APM peak | 96 |
| eAPM avg | 20.4 |
| Villagers / military | 123 / 78 |
Focus
⚔️ 36.2% · 🌾 63.8%
Cavalry Archer ×32 · Archer ×31 · Skirmisher ×7 · Monk ×4 · Militia ×4
Feudal
8:50
Castle
25:07
Imperial
—
| APM avg | 38.3 |
| APM peak | 67 |
| eAPM avg | 16.7 |
| Villagers / military | 77 / 51 |
Focus
⚔️ 36.8% · 🌾 63.2%
Skirmisher ×40 · Coustillier ×5 · Archer ×3 · Monk ×2 · Cavalry Archer ×1
Match map
Initial resources + every placement click. Lines = walls · curves = elevation contours. ◆ gold · ⬟ stone · ● berries · ✦ relic · ◌ wall gap
Your base· Open — unwalled flank
肥鱼's base· Open — 6t gap
Smoothed initial terrain · ◌ = detected wall gap · hover for details
Inputs per minute
— *** - - 肥鱼
Build order — ***
First 150 of 312 actions detected
| 0:01 | Queue | Villager (Male) |
| 0:01 | Queue | Villager (Male) |
| 0:02 | Build | House |
| 0:03 | Build | House |
| 0:05 | Queue | Villager (Male) |
| 0:06 | Queue | Villager (Male) |
| 0:06 | Queue | Villager (Male) |
| 1:29 | Queue | Villager (Male) |
| 2:02 | Queue | Villager (Male) |
| 2:02 | Queue | Villager (Male) |
| 2:07 | Queue | Villager (Male) |
| 2:07 | Queue | Villager (Male) |
| 2:35 | Queue | Villager (Male) |
| 2:35 | Queue | Villager (Male) |
| 2:59 | Queue | Villager (Male) |
| 2:59 | Queue | Villager (Male) |
| 3:17 | Queue | Villager (Male) |
| 3:17 | Queue | Villager (Male) |
| 3:25 | Build | House |
| 4:04 | Build | Barracks |
| 4:09 | Queue | Villager (Male) |
| 4:26 | Queue | Villager (Male) |
| 4:36 | Build | Lumber Camp |
| 4:42 | Queue | Villager (Male) |
| 5:00 | Queue | Militia |
| 5:00 | Queue | Militia |
| 5:18 | Queue | Villager (Male) |
| 5:47 | Queue | Villager (Male) |
| 5:54 | Build | House |
| 5:57 | Queue | Militia |
| 6:13 | Queue | Villager (Male) |
| 6:16 | Queue | Militia |
| 6:30 | Build | Mill |
| 6:30 | Queue | Villager (Male) |
| 6:36 | Queue | Villager (Male) |
| 6:53 | Queue | Villager (Male) |
| 7:08 | Queue | Villager (Male) |
| 7:22 | Build | Mining Camp |
| 7:28 | Queue | Villager (Male) |
| 7:40 | Build | House |
| 8:03 | Queue | Villager (Male) |
| 8:26 | Queue | Villager (Male) |
| 8:48 | Research | Feudal Age |
| 9:32 | Build | Mill |
| 10:15 | Build | House |
| 11:03 | Age | Feudal Age |
| 11:09 | Queue | Villager (Male) |
| 11:21 | Build | Archery Range |
| 11:23 | Build | Archery Range |
| 11:32 | Research | Double-Bit Axe |
| 11:37 | Queue | Villager (Male) |
| 11:50 | Queue | Villager (Male) |
| 12:04 | Queue | Archer |
| 12:05 | Queue | Archer |
| 12:06 | Research | Loom |
| 12:08 | Queue | Villager (Male) |
| 12:10 | Build | Farm |
| 12:20 | Queue | Skirmisher |
| 12:21 | Queue | Skirmisher |
| 12:21 | Queue | Villager (Male) |
| 12:32 | Build | Farm |
| 12:36 | Queue | Villager (Male) |
| 12:45 | Queue | Skirmisher |
| 12:46 | Queue | Villager (Male) |
| 12:57 | Build | Farm |
| 13:01 | Queue | Villager (Male) |
| 13:09 | Build | House |
| 13:17 | Queue | Archer |
| 13:17 | Queue | Archer |
| 13:19 | Queue | Villager (Male) |
| 13:46 | Queue | Villager (Male) |
| 13:57 | Build | Blacksmith |
| 14:11 | Queue | Archer |
| 14:11 | Queue | Archer |
| 14:12 | Queue | Villager (Male) |
| 14:26 | Research | Fletching |
| 14:30 | Build | House |
| 14:39 | Queue | Archer |
| 14:41 | Research | Padded Archer Armor |
| 14:51 | Research | Town Watch |
| 15:03 | Queue | Archer |
| 15:03 | Queue | Archer |
| 15:08 | Queue | Villager (Male) |
| 15:28 | Build | House |
| 15:31 | Build | Farm |
| 15:31 | Queue | Villager (Male) |
| 15:33 | Queue | Archer |
| 15:41 | Queue | Villager (Male) |
| 15:43 | Build | House |
| 15:49 | Queue | Skirmisher |
| 15:49 | Queue | Skirmisher |
| 15:53 | Build | House |
| 16:15 | Build | House |
| 16:16 | Build | House |
| 16:16 | Queue | Villager (Male) |
| 16:21 | Build | Farm |
| 16:22 | Research | Horse Collar |
| 16:44 | Queue | Villager (Male) |
| 16:50 | Build | Lumber Camp |
| 16:52 | Queue | Villager (Male) |
| 17:15 | Build | Farm |
| 17:16 | Queue | Villager (Male) |
| 17:19 | Build | Market |
| 17:59 | Queue | Villager (Male) |
| 18:01 | Build | Farm |
| 18:03 | Build | Farm |
| 18:10 | Build | House |
| 18:18 | Queue | Skirmisher |
| 18:18 | Queue | Skirmisher |
| 18:21 | Queue | Villager (Male) |
| 18:23 | Build | Farm |
| 18:27 | Build | Mill |
| 18:27 | Build | Farm |
| 18:28 | Build | Farm |
| 18:28 | Build | Farm |
| 18:28 | Build | Farm |
| 18:28 | Build | Farm |
| 18:29 | Build | Farm |
| 18:29 | Build | Farm |
| 18:38 | Queue | Archer |
| 18:38 | Queue | Archer |
| 18:41 | Build | House |
| 18:42 | Queue | Villager (Male) |
| 18:55 | Build | Farm |
| 18:56 | Queue | Villager (Male) |
| 19:00 | Build | Farm |
| 19:06 | Build | Farm |
| 19:14 | Build | House |
| 19:15 | Queue | Villager (Male) |
| 19:17 | Build | Farm |
| 19:22 | Queue | Villager (Male) |
| 19:24 | Build | Farm |
| 19:52 | Queue | Villager (Male) |
| 19:54 | Build | House |
| 19:55 | Queue | Archer |
| 19:56 | Queue | Archer |
| 20:53 | Research | Castle Age |
| 21:14 | Queue | Archer |
| 21:18 | Build | Archery Range |
| 21:25 | Research | Gold Mining |
| 21:25 | Research | Gold Mining |
| 21:28 | Build | Mining Camp |
| 21:40 | Build | House |
| 21:41 | Queue | Archer |
| 21:59 | Queue | Archer |
| 21:59 | Queue | Archer |
| 22:20 | Queue | Archer |
| 22:20 | Queue | Archer |
| 22:27 | Build | Farm |
| 22:31 | Queue | Archer |
Build order — 肥鱼
First 150 of 245 actions detected
| 0:00 | Queue | Villager (Male) |
| 0:02 | Build | House |
| 0:02 | Build | House |
| 0:06 | Queue | Villager (Male) |
| 0:11 | Queue | Villager (Male) |
| 0:12 | Queue | Villager (Male) |
| 1:31 | Queue | Villager (Male) |
| 2:01 | Queue | Villager (Male) |
| 2:11 | Queue | Villager (Male) |
| 2:11 | Queue | Villager (Male) |
| 2:30 | Build | Lumber Camp |
| 2:54 | Queue | Villager (Male) |
| 3:01 | Queue | Villager (Male) |
| 3:27 | Build | House |
| 3:36 | Queue | Villager (Male) |
| 3:54 | Queue | Villager (Male) |
| 3:56 | Queue | Villager (Male) |
| 4:39 | Queue | Villager (Male) |
| 4:43 | Queue | Villager (Male) |
| 4:48 | Queue | Villager (Male) |
| 5:33 | Build | Mill |
| 5:48 | Research | Loom |
| 6:37 | Research | Feudal Age |
| 7:07 | Research | Double-Bit Axe |
| 7:17 | Build | House |
| 7:21 | Research | Horse Collar |
| 7:29 | Build | Palisade Wall |
| 7:47 | Build | Palisade Wall |
| 7:48 | Build | Palisade Wall |
| 8:15 | Build | House |
| 8:22 | Build | Barracks |
| 8:50 | Age | Feudal Age |
| 8:50 | Build | Palisade Wall |
| 8:54 | Build | Palisade Wall |
| 8:55 | Build | Palisade Wall |
| 8:56 | Queue | Villager (Male) |
| 8:59 | Build | House |
| 9:12 | Queue | Villager (Male) |
| 9:22 | Build | Archery Range |
| 9:25 | Build | House |
| 9:29 | Queue | Villager (Male) |
| 9:35 | Queue | Villager (Male) |
| 9:53 | Queue | Villager (Male) |
| 10:00 | Queue | Skirmisher |
| 10:20 | Build | Mining Camp |
| 10:24 | Queue | Villager (Male) |
| 10:35 | Queue | Archer |
| 10:39 | Queue | Villager (Male) |
| 10:46 | Build | Palisade Wall |
| 10:49 | Build | Palisade Wall |
| 10:51 | Build | Palisade Wall |
| 11:14 | Build | Palisade Wall |
| 11:26 | Queue | Skirmisher |
| 11:32 | Build | Farm |
| 11:33 | Research | Bow Saw |
| 11:33 | Research | Bow Saw |
| 11:53 | Build | Farm |
| 12:00 | Queue | Villager (Male) |
| 12:30 | Build | House |
| 12:47 | Queue | Villager (Male) |
| 12:53 | Build | Farm |
| 12:57 | Build | House |
| 13:00 | Queue | Villager (Male) |
| 13:06 | Build | House |
| 13:07 | Build | House |
| 13:10 | Build | House |
| 13:19 | Queue | Villager (Male) |
| 13:22 | Build | Farm |
| 13:24 | Queue | Villager (Male) |
| 13:32 | Build | Farm |
| 13:35 | Build | Farm |
| 13:40 | Queue | Villager (Male) |
| 13:41 | Queue | Archer |
| 13:43 | Queue | Villager (Male) |
| 13:47 | Build | House |
| 13:49 | Build | Palisade Wall |
| 13:51 | Build | Palisade Gate |
| 13:57 | Build | Farm |
| 14:05 | Queue | Villager (Male) |
| 14:11 | Queue | Skirmisher |
| 14:22 | Queue | Villager (Male) |
| 14:40 | Build | Blacksmith |
| 14:57 | Queue | Villager (Male) |
| 15:00 | Build | Farm |
| 15:01 | Build | Farm |
| 15:18 | Queue | Villager (Male) |
| 15:20 | Queue | Skirmisher |
| 15:23 | Build | Farm |
| 15:32 | Research | Padded Archer Armor |
| 15:36 | Queue | Villager (Male) |
| 15:44 | Queue | Skirmisher |
| 15:54 | Build | Watch Tower |
| 15:56 | Build | Mining Camp |
| 16:10 | Build | Farm |
| 16:11 | Build | Farm |
| 16:31 | Build | Watch Tower |
| 16:34 | Queue | Villager (Male) |
| 16:41 | Queue | Skirmisher |
| 16:54 | Build | House |
| 16:55 | Build | House |
| 17:10 | Build | Farm |
| 17:26 | Queue | Villager (Male) |
| 17:30 | Build | Watch Tower |
| 18:00 | Research | Fletching |
| 18:04 | Build | Farm |
| 18:05 | Build | Farm |
| 18:24 | Build | Farm |
| 18:38 | Build | House |
| 18:47 | Queue | Villager (Male) |
| 18:56 | Queue | Skirmisher |
| 18:57 | Queue | Villager (Male) |
| 19:01 | Research | Town Watch |
| 19:03 | Research | Town Watch |
| 19:13 | Queue | Skirmisher |
| 19:22 | Build | Watch Tower |
| 19:28 | Build | Farm |
| 19:31 | Queue | Villager (Male) |
| 19:42 | Build | Farm |
| 19:46 | Build | Farm |
| 20:21 | Build | Market |
| 20:28 | Queue | Skirmisher |
| 20:40 | Queue | Skirmisher |
| 20:40 | Queue | Villager (Male) |
| 20:44 | Build | Farm |
| 20:44 | Build | Farm |
| 21:08 | Queue | Villager (Male) |
| 21:12 | Build | Mining Camp |
| 21:19 | Queue | Villager (Male) |
| 21:32 | Build | Farm |
| 21:49 | Build | House |
| 21:53 | Build | Farm |
| 21:54 | Queue | Villager (Male) |
| 22:04 | Build | Farm |
| 22:04 | Build | Farm |
| 22:04 | Build | Farm |
| 22:27 | Research | Castle Age |
| 22:27 | Research | Castle Age |
| 22:29 | Build | Farm |
| 22:48 | Build | Palisade Gate |
| 23:16 | Research | Heavy Plow |
| 23:23 | Queue | Skirmisher |
| 23:25 | Build | Lumber Camp |
| 23:30 | Queue | Archer |
| 23:45 | Research | Gold Mining |
| 23:45 | Research | Stone Mining |
| 23:49 | Build | House |
| 23:52 | Build | Palisade Wall |
| 24:13 | Build | Watch Tower |
| 24:15 | Build | House |
| 24:32 | Queue | Skirmisher |
Match timeline
| 4:04 | *** · first_building Barracks |
| 7:29 | 肥鱼 · wall_segment Palisade Wall x1 |
| 7:47 | 肥鱼 · wall_segment Palisade Wall x1 |
| 7:48 | 肥鱼 · wall_segment Palisade Wall x1 |
| 8:22 | 肥鱼 · first_building Barracks |
| 8:50 | 肥鱼 · age_up feudal |
| 8:50 | 肥鱼 · wall_segment Palisade Wall x1 |
| 8:54 | 肥鱼 · wall_segment Palisade Wall x1 |
| 8:55 | 肥鱼 · wall_segment Palisade Wall x1 |
| 9:22 | 肥鱼 · first_building Archery Range |
| 10:46 | 肥鱼 · wall_segment Palisade Wall x1 |
| 10:49 | 肥鱼 · wall_segment Palisade Wall x1 |
| 10:51 | 肥鱼 · wall_segment Palisade Wall x1 |
| 11:03 | *** · age_up feudal |
| 11:14 | 肥鱼 · wall_segment Palisade Wall x1 |
| 11:21 | *** · first_building Archery Range |
| 13:49 | 肥鱼 · wall_segment Palisade Wall x2 |
| 20:39 | *** · first_market_sell 500 wood |
| 20:40 | *** · first_market_buy 100 food |
| 21:24 | 肥鱼 · first_market_sell 100 stone |
| 23:33 | *** · age_up castle |
| 23:52 | 肥鱼 · wall_segment Palisade Wall x13 |
| 25:07 | 肥鱼 · age_up castle |
| 25:50 | *** · first_building Monastery |
| 25:57 | 肥鱼 · first_building Monastery |
| 28:33 | 肥鱼 · first_market_buy 100 wood |
| 31:25 | *** · first_building Castle |
| 31:30 | 肥鱼 · first_building Castle |
| 31:56 | *** · first_building Stable |
| 35:36 | *** · age_up imperial |
| 35:52 | 肥鱼 · resign |
[ AI ANALYSIS · 1 CREDIT ]
What really happened in this match?
Wolo.gg analyzes every decision: build order, eco, micro, common mistakes by bracket. Personalized analysis on WhatsApp or Discord in 30 seconds.
Civ guide
Japanese
Perfil
***